 Dungeon Crawl Stone Soup version 0.29.0-4-gdea44cf6ec (webtiles) character file.

Game seed: 15915710926547481195

14062 qw the Cleaver (level 12, -6/72 HPs)
             Began as a Tengu Warper on Aug 28, 2022.
             Was a High Priest of Okawaru.
             Mangled by a two-headed ogre
             ... wielding a +0 giant club
              (15 damage)
             ... on level 14 of the Dungeon.
             The game lasted 00:01:25 (13221 turns).

qw the Cleaver (Tengu Warper)                      Turns: 13221, Time: 00:01:26

Health: -6/72      AC: 20    Str: 16    XL:     12   Next: 12%
Magic:  17/19      EV:  9    Int: 14    God:    Okawaru [*****.]
Gold:   654        SH:  8    Dex: 14    Spells: 15/15 levels left

rFire   + . .      SeeInvis +   Y - +2 war axe (drain)
rCold   . . .      Faith    .   d - +2 buckler
rNeg    . . .      Spirit   .   b - +3 plate armour
rPois   .          Reflect  .   p - +1 hat
rElec   .          Harm     .   c - +0 cloak
rCorr   .          Rampage  .   (no gloves)
Will    .....                   (boots unavailable)
Stlth   ..........              (no amulet)
HPRegen 0.22/turn               k - ring of protection from fire
MPRegen 0.16/turn               m - ring of see invisible

@: about to teleport, heroic, flying quickly and evasively, quick
A: beak, talons 3, nimble flight
a: Renounce Religion, Heroism, Finesse, Duel


You were on level 14 of the Dungeon.
You worshipped Okawaru.
Okawaru was extremely pleased with you.
You visited 1 branch of the dungeon, and saw 12 of its levels.

You collected 654 gold pieces.


Innate Abilities, Weirdness & Mutations

You have a beak for a mouth.
You have claws for feet.
Your magical nature lets you fly swiftly and evasively.


   Skills:
 - Level 7.0(12.0) Fighting
 - Level 14.0(19.0) Axes
 - Level 4.0(9.0) Throwing
 - Level 7.0(12.0) Armour
 - Level 3.2(8.2) Dodging
 + Level 2.7(7.7) Shields
 - Level 2.0 Spellcasting
 - Level 2.4 Translocations
 + Level 9.0 Invocations


You had 15 spell levels left.
You didn't know any spells.
Your spell library contained the following spells:

 Spells                   Type           Power      Damage    Failure   Level
 Blink                    Tloc           16%        N/A       99%         2
 Gell's Gravitas          Tloc           8%         N/A       100%        3
 Lesser Beckoning         Tloc           8%         N/A       100%        3
 Teleport Other           Tloc           8%         N/A       100%        3
 Manifold Assault         Tloc           8%         N/A       100%        5

Inventory:

Hand Weapons
 g - a +3 morningstar
 Y - a +2 war axe of draining (weapon)
Missiles
 h - 3 boomerangs (quivered)
Armour
 b - a +3 plate armour (worn)
 c - a +0 cloak (worn)
 d - a +2 buckler (worn)
 p - a +1 hat (worn)
Jewellery
 k - a ring of protection from fire (left hand)
 l - the ring of Ruttum {+Blink rN+}
   (You found it on level 2 of the Dungeon)

   [ring of positive energy]

   rN:        It protects you from negative energy.
   +Blink:    It lets you blink.
 m - a ring of see invisible (right hand)
 o - a ring of ice
 r - a ring of protection from fire
Scrolls
 f - 4 scrolls of identify
 i - 2 scrolls of teleportation
Potions
 a - 5 potions of curing
 e - 2 potions of haste
 j - 3 potions of mutation
 n - 2 potions of magic
 s - a potion of resistance

Dungeon Overview and Level Annotations

Branches:
Dungeon (14/15)            Temple (0/1) D:4
   Lair: D:8-11         Orc: D:9-12      Vaults: D:13-14

Altars:
Cheibriados
Dithmenos
Fedhas
Gozag
Kikubaaqudgha
Nemelex Xobeh
Okawaru
Ru
Sif Muna
Trog
Wu Jian

Annotations:
D:4 1 runed translucent door, qw's ghost, amateur TeWr
D:7 3 runed translucent doors, qw's ghost, novice TeWr


Message History

You peck the centaur warrior, but do no damage.
The centaur warrior is heavily wounded.
The centaur warrior hits you but does no damage.
The centaur warrior barely misses you.
You slash the centaur warrior! You claw the centaur warrior.
The centaur warrior is almost dead.
The centaur warrior hits you but does no damage.
The centaur warrior kicks you but does no damage.
You slash the centaur warrior!
You kill the centaur warrior!
Okawaru accepts your kill.
Your Invocations skill increases to level 9!
You start resting.
A two-headed ogre comes into view. It is wielding two +0 giant clubs.
You barely miss the two-headed ogre. You claw the two-headed ogre.
You peck the two-headed ogre.
The two-headed ogre is lightly wounded.
You block the two-headed ogre's attack.
The two-headed ogre hits you with a +0 giant club.
You hit the two-headed ogre. You drain the two-headed ogre.
The two-headed ogre is moderately wounded.
You slash the two-headed ogre!
You peck the two-headed ogre, but do no damage.
The two-headed ogre is heavily wounded.
You feel like a meek peon again.
The two-headed ogre hits you with a +0 giant club!!
You block the two-headed ogre's attack.
13219 ||| INVOKING Heroism.
You gain the combat prowess of a mighty hero.
The two-headed ogre closely misses you.
The two-headed ogre hits you with a +0 giant club!!
13220 ||| READING 3 scrolls of teleportation.
As you read the scroll of teleportation, it crumbles to dust.
You feel strangely unstable.
You hit the two-headed ogre. You drain the two-headed ogre.
You claw the two-headed ogre, but do no damage.
The two-headed ogre is heavily wounded.
You block the two-headed ogre's attack.
The two-headed ogre hits you with a +0 giant club!
You die...

### ##.## #
##...## ..
####.....##.
...........
#..>...# #...##
#.##.O<#
#...@#:0..#
........#.....c#
##$##.#####C.e..
# ... ..... ..##
.... #.. #.. #.
.. .


You could see a two-headed ogre (drained).

Vanquished Creatures
  A centaur warrior (D:14)
  Erica (D:10)
  2 two-headed ogres
  Pikel (D:5)
  A cyclops (D:14)
  A deep elf pyromancer (D:14)
  Maurice (D:11)
  2 unseen horror zombies (D:9)
  3 trolls
  A hornet (D:7)
  Prince Ribbit (D:8)
  2 wyverns
  19 yaks
  2 vampire mosquitoes (D:11)
  3 acid dragons
  3 water moccasins
  Duvessa (D:7)
  5 black bears
  2 orc warriors
  3 ogres
  A lemure (D:5)
  5 centaurs
  A phantom (D:6)
  A kobold brigand (D:7)
  3 gnoll sergeants
  5 necrophages
  4 bullfrogs
  5 scorpions
  8 wights
  Dowan (D:7)
  5 killer bees (D:10)
  10 howler monkeys
  A centaur zombie (D:9)
  A human zombie (D:9)
  5 jellies
  3 hounds
  A gnoll bouda (D:7)
  3 orc priests
  2 iguanas
  5 orc wizards
  A killer bee zombie (D:9)
  2 mummies (D:9)
  2 howler monkey zombies (D:9)
  6 adders
  22 gnolls
  3 shadow imps
  4 white imps
  2 ufetubi
  3 dart slugs
  23 orcs
  8 endoplasms
  8 giant cockroaches
  8 goblins
  6 hobgoblins
  2 jackals (D:1)
  A quokka (D:5)
  6 ball pythons
  4 bats
  4 frilled lizards
  9 kobolds
  5 rats
254 creatures vanquished.

Vanquished Creatures (others)
  3 fungi (D:7)
  A plant (D:7)
4 creatures vanquished.

Grand Total: 258 creatures vanquished

Notes
Turn   | Place    | Note
-------+----------+-------------------------------------------
     0 | D:1      | qw the Tengu Warper began the quest for the Orb.
     0 | D:1      | Reached XP level 1. HP: 12/12 MP: 4/4
     0 | D:1      | 0 ||| qw: Version: 0.1-a-89-g26bdef1
     0 | D:1      | 0 ||| qw: Game counter: 1267
     0 | D:1      | 0 ||| qw: Always use a shield: true
     0 | D:1      | 0 ||| qw: God list: Okawaru
     0 | D:1      | 0 ||| qw: Allow faded altars: false
     0 | D:1      | 0 ||| qw: Do Orc after D:15 true
     0 | D:1      | 0 ||| qw: Do second Lair branch before Depths: true
     0 | D:1      | 0 ||| qw: Lair rune preference: random
     0 | D:1      | 0 ||| qw: Plans: Normal
     0 | D:1      | 0 ||| PLANNING D:1-11
   256 | D:1      | Reached skill level 3 in Axes
   256 | D:1      | Reached XP level 2. HP: 17/17 MP: 6/6
   279 | D:1      | 279 ||| Stepping ~*~*~tactically~*~*~ (stealth).
   530 | D:1      | Found a faded altar of an unknown god.
   588 | D:1      | Reached XP level 3. HP: 21/21 MP: 7/7
   765 | D:1      | 765 ||| UPGRADING to +0 chain mail.
   775 | D:1      | 775 ||| DROPPING +0 leather armour.
   776 | D:1      | 776 ||| DROPPING scarf of invisibility.
   777 | D:1      | 777 ||| READING scroll labelled ORAFAI UFENNI.
   778 | D:1      | 778 ||| READING scroll labelled REYCYW FEDAEME.
   779 | D:1      | 779 ||| READING scroll labelled QONGUU XALUO.
   780 | D:1      | 780 ||| READING 2 scrolls labelled ZEODEM JEJUTYD.
   881 | D:1      | 881 ||| READING 2 scrolls labelled RATOICOSCHI.
   884 | D:1      | 884 ||| READING scroll labelled DAELYA ZAONONO.
   885 | D:1      | 885 ||| DROPPING scroll of blinking.
   886 | D:1      | 886 ||| DROPPING scroll of silence.
   887 | D:1      | 887 ||| DROPPING scroll of immolation.
   931 | D:2      | Reached skill level 4 in Axes
   931 | D:2      | 931 ||| FLEEEEING.
   932 | D:2      | 932 ||| FLEEEEING.
   937 | D:2      | 937 ||| FLEEEEING.
   938 | D:2      | 938 ||| FLEEEEING.
   939 | D:2      | 939 ||| STAIRDANCE
  1233 | D:2      | Identified the ring of Ruttum {+Blink rN+}
  1325 | D:2      | Reached XP level 4. HP: 26/26 MP: 8/8
  1366 | D:2      | 1366 ||| Stepping ~*~*~tactically~*~*~ (stealth).
  1367 | D:2      | 1367 ||| Stepping ~*~*~tactically~*~*~ (stealth).
  1368 | D:2      | 1368 ||| Stepping ~*~*~tactically~*~*~ (stealth).
  1787 | D:2      | 1787 ||| UPGRADING to +0 plate armour.
  1797 | D:2      | 1797 ||| DROPPING +0 chain mail.
  1798 | D:2      | 1798 ||| READING scroll of enchant armour.
  1798 | D:2      | 1798 ||| ENCHANTING +0 plate armour.
  1799 | D:2      | 1799 ||| UPGRADING to ring of Ruttum {+Blink rN+}.
  1800 | D:2      | 1800 ||| UPGRADING to ring of see invisible.
  1801 | D:2      | 1801 ||| READING scroll labelled QEDAGI YTAQODO.
  1802 | D:2      | 1802 ||| READING scroll labelled BUTREO EMIES.
  1803 | D:2      | 1803 ||| READING scroll labelled MEGEGA MOILL.
  1804 | D:2      | 1804 ||| DRINKING 2 fizzy emerald potions.
  1805 | D:2      | 1805 ||| DRINKING 2 fizzy grey potions.
  1806 | D:2      | 1806 ||| DROPPING potion of degeneration.
  1807 | D:2      | 1807 ||| DROPPING potion of brilliance.
  1842 | D:3      | 1842 ||| Stepping ~*~*~tactically~*~*~ (hiding).
  1867 | D:3      | Reached skill level 5 in Axes
  1867 | D:3      | Gained mutation: Your magical nature lets you fly swiftly
                  | and evasively. [Tengu growth]
  1867 | D:3      | Reached XP level 5. HP: 13/30 MP: 9/9
  2088 | D:3      | 2088 ||| SWAPPING to +0 war axe.
  2096 | D:3      | 2096 ||| DROPPING +0 hand axe of freezing.
  2179 | D:3      | 2179 ||| FLEEEEING.
  2180 | D:3      | 2180 ||| FLEEEEING.
  2181 | D:3      | 2181 ||| FLEEEEING.
  2182 | D:3      | 2182 ||| FLEEEEING.
  2183 | D:3      | 2183 ||| FLEEEEING.
  2184 | D:3      | 2184 ||| FLEEEEING.
  2185 | D:3      | 2185 ||| FLEEEEING.
  2186 | D:3      | 2186 ||| FLEEEEING.
  2193 | D:3      | 2193 ||| FLEEEEING.
  2194 | D:3      | 2194 ||| FLEEEEING.
  2195 | D:3      | 2195 ||| FLEEEEING.
  2197 | D:3      | 2197 ||| FLEEEEING.
  2203 | D:3      | 2203 ||| FLEEEEING.
  2204 | D:3      | 2204 ||| FLEEEEING.
  2205 | D:3      | 2205 ||| FLEEEEING.
  2206 | D:3      | 2206 ||| FLEEEEING.
  2213 | D:3      | 2213 ||| STAIRDANCE
  2227 | D:2      | 2227 ||| READING 2 scrolls of identify.
  2227 | D:2      | 2227 ||| IDENTIFYING orange potion
  2228 | D:2      | 2228 ||| DROPPING potion of magic.
  2231 | D:3      | 2231 ||| STAIRDANCE
  2236 | D:3      | 2236 ||| STAIRDANCE
  2244 | D:2      | Reached skill level 6 in Axes
  2356 | D:3      | 2356 ||| Stepping ~*~*~tactically~*~*~ (hiding).
  2364 | D:3      | 2364 ||| FLEEEEING.
  2371 | D:3      | 2371 ||| STAIRDANCE
  2539 | D:3      | 2539 ||| Stepping ~*~*~tactically~*~*~ (stealth).
  2567 | D:3      | 2567 ||| FLEEEEING.
  2568 | D:3      | 2568 ||| FLEEEEING.
  2608 | D:3      | 2608 ||| Stepping ~*~*~tactically~*~*~ (stealth).
  2619 | D:3      | 2619 ||| READING scroll of enchant armour.
  2619 | D:3      | 2619 ||| ENCHANTING +1 plate armour.
  2639 | D:3      | Found an ornate altar of the Wu Jian Council.
  2670 | D:3      | 2670 ||| READING scroll of enchant armour.
  2670 | D:3      | 2670 ||| ENCHANTING +2 plate armour.
  2772 | D:3      | 2772 ||| DRINKING 2 bubbling clear potions.
  2873 | D:3      | 2873 ||| READING 2 scrolls of identify.
  2873 | D:3      | 2873 ||| IDENTIFYING fuming white potion
  2874 | D:3      | 2874 ||| DROPPING potion of ambrosia.
  2875 | D:3      | 2875 ||| DROPPING potion of flight.
  2889 | D:4      | 2889 ||| STAIRDANCE
  2897 | D:4      | Reached XP level 6. HP: 26/35 MP: 10/10
  2900 | D:4      | 2900 ||| STAIRDANCE
  2982 | D:4      | 2982 ||| READING scroll of brand weapon.
  2982 | D:4      | 2982 ||| BRANDING +0 war axe.
  3202 | D:4      | Reached skill level 7 in Axes
  3239 | D:4      | 3239 ||| Stepping ~*~*~tactically~*~*~ (hiding).
  3240 | D:4      | 3240 ||| Stepping ~*~*~tactically~*~*~ (hiding).
  3241 | D:4      | 3241 ||| Stepping ~*~*~tactically~*~*~ (hiding).
  3243 | D:4      | 3243 ||| Stepping ~*~*~tactically~*~*~ (hiding).
  3250 | D:4      | Reached skill level 3 in Fighting
  3250 | D:4      | Reached XP level 7. HP: 41/41 MP: 11/11
  3376 | D:4      | Found an iron altar of Okawaru.
  3381 | D:4      | Became a worshipper of Warmaster Okawaru
  3388 | D:4      | Reached skill level 3 in Armour
  3696 | D:4      | Found a shimmering blue altar of Sif Muna.
  3710 | D:4      | Found a runed translucent door.
  3710 | D:4      | Noticed qw's ghost (amateur TeWr)
  3727 | D:4      | 3727 ||| Stepping ~*~*~tactically~*~*~ (stealth).
  3731 | D:4      | 3731 ||| Stepping ~*~*~tactically~*~*~ (stealth).
  3732 | D:4      | 3732 ||| Stepping ~*~*~tactically~*~*~ (stealth).
  3750 | D:4      | Reached * piety under Okawaru
  3751 | D:4      | Reached skill level 8 in Axes
  3845 | D:4      | Found a staircase to the Ecumenical Temple.
  3861 | D:4      | Noticed a yak
  3861 | D:4      | Noticed a yak
  3863 | D:4      | Noticed a yak
  3866 | D:4      | 3866 ||| INVOKING Heroism.
  3868 | D:4      | Killed a yak
  3869 | D:4      | Reached skill level 1 in Invocations
  3869 | D:4      | Reached XP level 8. HP: 47/47 MP: 9/12
  3875 | D:4      | Killed a yak
  3879 | D:4      | 3879 ||| INVOKING Heroism.
  3880 | D:4      | Killed a yak
  3881 | D:4      | Reached skill level 9 in Axes
  4148 | D:4      | Found a blossoming altar of Fedhas.
  4371 | D:4      | Reached skill level 3 in Invocations
  4374 | D:4      | 4374 ||| DROPPING +0 mace.
  4603 | D:4      | 4603 ||| READING 3 scrolls of identify.
  4603 | D:4      | 4603 ||| IDENTIFYING glowing pink potion
  4604 | D:4      | 4604 ||| READING 2 scrolls of identify.
  4604 | D:4      | 4604 ||| IDENTIFYING bubbling dark potion
  4621 | D:5      | Entered Level 5 of the Dungeon
  4624 | D:5      | 4624 ||| STAIRDANCE
  4659 | D:5      | 4659 ||| STAIRDANCE
  4753 | D:5      | 4753 ||| STAIRDANCE
  4807 | D:5      | 4807 ||| STAIRDANCE
  4809 | D:4      | 4809 ||| INVOKING Heroism.
  4902 | D:5      | Reached ** piety under Okawaru
  5029 | D:5      | 5029 ||| INVOKING Heroism.
  5091 | D:5      | Reached XP level 9. HP: 52/52 MP: 13/13
  5135 | D:5      | 5135 ||| Stepping ~*~*~tactically~*~*~ (hiding).
  5139 | D:5      | 5139 ||| INVOKING Heroism.
  5255 | D:5      | 5255 ||| Stepping ~*~*~tactically~*~*~ (stealth).
  5262 | D:5      | 5262 ||| Stepping ~*~*~tactically~*~*~ (hiding).
  5363 | D:5      | 5363 ||| Stepping ~*~*~tactically~*~*~ (stealth).
  5364 | D:5      | Noticed Pikel
  5365 | D:5      | 5365 ||| Stepping ~*~*~tactically~*~*~ (stealth).
  5367 | D:5      | 5367 ||| Stepping ~*~*~tactically~*~*~ (hiding).
  5374 | D:5      | 5374 ||| INVOKING Heroism.
  5410 | D:5      | Killed Pikel
  5411 | D:5      | Reached skill level 10 in Axes
  5983 | D:5      | 5983 ||| READING 3 scrolls of identify.
  5983 | D:5      | 5983 ||| IDENTIFYING dark potion
  5984 | D:5      | 5984 ||| READING 2 scrolls of identify.
  5984 | D:5      | 5984 ||| IDENTIFYING amethyst potion
  6022 | D:6      | 6022 ||| SWAPPING to +1 war axe of electrocution.
  6023 | D:6      | 6023 ||| DROPPING +0 war axe of venom.
  6049 | D:6      | Identified the +6 bardiche of Pol Qonn {drain, rN++ Int-5
                  | Dex+4}
  6095 | D:6      | Found a snail-covered altar of Cheibriados.
  6110 | D:6      | 6110 ||| Stepping ~*~*~tactically~*~*~ (hiding).
  6155 | D:6      | 6155 ||| INVOKING Heroism.
  6176 | D:6      | 6176 ||| Stepping ~*~*~tactically~*~*~ (hiding).
  6200 | D:6      | 6200 ||| Stepping ~*~*~tactically~*~*~ (stealth).
  6203 | D:6      | 6203 ||| Stepping ~*~*~tactically~*~*~ (stealth).
  6207 | D:6      | 6207 ||| Stepping ~*~*~tactically~*~*~ (stealth).
  6209 | D:6      | 6209 ||| INVOKING Heroism.
  6259 | D:6      | 6259 ||| Stepping ~*~*~tactically~*~*~ (hiding).
  6266 | D:6      | Reached skill level 3 in Throwing
  6308 | D:6      | 6308 ||| Stepping ~*~*~tactically~*~*~ (hiding).
  6314 | D:6      | 6314 ||| Stepping ~*~*~tactically~*~*~ (stealth).
  6324 | D:6      | 6324 ||| Stepping ~*~*~tactically~*~*~ (stealth).
  6327 | D:6      | 6327 ||| INVOKING Heroism.
  6331 | D:6      | Reached skill level 11 in Axes
  6443 | D:6      | 6443 ||| READING scroll of brand weapon.
  6443 | D:6      | 6443 ||| BRANDING +1 war axe of electrocution.
  6445 | D:6      | 6445 ||| Stepping ~*~*~tactically~*~*~ (stealth).
  6467 | D:6      | Reached *** piety under Okawaru
  6684 | D:6      | 6684 ||| UPGRADING to +1 hat.
  6702 | D:7      | 6702 ||| DROPPING +2 vorpal war axe.
  6727 | D:7      | 6727 ||| INVOKING Heroism.
  6813 | D:7      | 6813 ||| INVOKING Heroism.
  6919 | D:7      | Found a shadowy altar of Dithmenos.
  7089 | D:7      | Noticed a hornet
  7090 | D:7      | 7090 ||| INVOKING Heroism.
  7100 | D:7      | Killed a hornet
  7101 | D:7      | Reached skill level 12 in Axes
  7101 | D:7      | Reached XP level 10. HP: 31/59 MP: 12/14
  7107 | D:7      | Reached skill level 3 in Dodging
  7107 | D:7      | 7107 ||| FLEEEEING.
  7108 | D:7      | 7108 ||| FLEEEEING.
  7111 | D:7      | 7111 ||| FLEEEEING.
  7112 | D:7      | 7112 ||| FLEEEEING.
  7113 | D:7      | 7113 ||| FLEEEEING.
  7114 | D:7      | 7114 ||| FLEEEEING.
  7115 | D:7      | 7115 ||| FLEEEEING.
  7116 | D:7      | 7116 ||| FLEEEEING.
  7117 | D:7      | 7117 ||| FLEEEEING.
  7118 | D:7      | 7118 ||| FLEEEEING.
  7127 | D:7      | 7127 ||| FLEEEEING.
  7129 | D:7      | 7129 ||| FLEEEEING.
  7130 | D:7      | 7130 ||| FLEEEEING.
  7131 | D:7      | 7131 ||| FLEEEEING.
  7132 | D:7      | 7132 ||| FLEEEEING.
  7133 | D:7      | 7133 ||| FLEEEEING.
  7134 | D:7      | 7134 ||| FLEEEEING.
  7135 | D:7      | 7135 ||| FLEEEEING.
  7136 | D:7      | 7136 ||| FLEEEEING.
  7138 | D:7      | 7138 ||| STAIRDANCE
  7318 | D:7      | 7318 ||| STAIRDANCE
  7321 | D:6      | 7321 ||| INVOKING Heroism.
  7321 | D:6      | HP: 12/56 [wight/+4 long sword of freezing (3)]
  7322 | D:6      | 7322 ||| READING 5 scrolls of teleportation.
  7323 | D:6      | 7323 ||| DRINKING 2 potions of heal wounds.
  7412 | D:6      | 7412 ||| FLEEEEING.
  7413 | D:6      | 7413 ||| FLEEEEING.
  7414 | D:6      | 7414 ||| FLEEEEING.
  7422 | D:6      | 7422 ||| STAIRDANCE
  7514 | D:7      | 7514 ||| Stepping ~*~*~tactically~*~*~ (stealth).
  7517 | D:7      | 7517 ||| Stepping ~*~*~tactically~*~*~ (stealth).
  7518 | D:7      | 7518 ||| Stepping ~*~*~tactically~*~*~ (stealth).
  7520 | D:7      | 7520 ||| Stepping ~*~*~tactically~*~*~ (stealth).
  7521 | D:7      | 7521 ||| Stepping ~*~*~tactically~*~*~ (stealth).
  7685 | D:7      | 7685 ||| INVOKING Heroism.
  7706 | D:7      | 7706 ||| INVOKING Heroism.
  8036 | D:7      | Noticed Duvessa
  8036 | D:7      | Noticed Dowan
  8037 | D:7      | 8037 ||| INVOKING Heroism.
  8038 | D:7      | 8038 ||| Stepping ~*~*~tactically~*~*~ (hiding).
  8047 | D:7      | Killed Duvessa
  8054 | D:7      | Killed Dowan
  8055 | D:7      | Reached skill level 6 in Fighting
  8264 | D:7      | Found a runed translucent gate.
  8265 | D:7      | Found a runed translucent gate.
  8265 | D:7      | Noticed a kobold demonologist
  8266 | D:7      | Found a runed translucent gate.
  8270 | D:7      | Noticed qw's ghost (novice TeWr)
  8417 | D:7      | Found a sparkling altar of Nemelex Xobeh.
  8495 | D:7      | 8495 ||| READING scroll labelled ASCHIWK MIMOCLALA.
  8496 | D:7      | 8496 ||| READING scroll labelled TAGUMO POEROKK.
  8497 | D:7      | 8497 ||| DRINKING 2 green potions.
  8498 | D:7      | 8498 ||| DROPPING potion of attraction.
  8517 | D:8      | 8517 ||| STAIRDANCE
  8574 | D:8      | 8574 ||| STAIRDANCE
  8676 | D:8      | 8676 ||| Stepping ~*~*~tactically~*~*~ (stealth).
  8678 | D:8      | 8678 ||| INVOKING Heroism.
  8682 | D:8      | 8682 ||| Stepping ~*~*~tactically~*~*~ (stealth).
  8888 | D:8      | 8888 ||| DROPPING +0 morningstar.
  8920 | D:8      | 8920 ||| INVOKING Heroism.
  8923 | D:8      | HP: 12/54 [acid dragon (6)]
  8924 | D:8      | 8924 ||| READING 4 scrolls of teleportation.
  8924 | D:8      | HP: 5/54 [acid dragon (7)]
  8925 | D:8      | 8925 ||| DRINKING potion of heal wounds.
  8928 | D:8      | Reached skill level 6 in Armour
  8929 | D:8      | 8929 ||| Stepping ~*~*~tactically~*~*~ (hiding).
  8937 | D:8      | Reached **** piety under Okawaru
  9275 | D:8      | 9275 ||| INVOKING Heroism.
  9297 | D:8      | HP: 15/60 [poisoned by a gnoll sergeant]
  9752 | D:8      | Found a bloodstained altar of Trog.
  9754 | D:8      | Noticed Prince Ribbit
  9767 | D:8      | 9767 ||| FLEEEEING.
  9768 | D:8      | 9768 ||| FLEEEEING.
  9769 | D:8      | 9769 ||| STAIRDANCE
  9814 | D:7      | 9814 ||| UPGRADING to ring of protection from fire.
  9824 | D:8      | 9824 ||| INVOKING Heroism.
  9827 | D:8      | Killed Prince Ribbit
 10255 | D:8      | 10255 ||| INVOKING Heroism.
 10635 | D:9      | 10635 ||| INVOKING Heroism.
 10655 | D:9      | 10655 ||| Stepping ~*~*~tactically~*~*~ (stealth).
 10668 | D:9      | 10668 ||| FLEEEEING.
 10778 | D:9      | 10778 ||| Stepping ~*~*~tactically~*~*~ (stealth).
 10782 | D:9      | 10782 ||| Stepping ~*~*~tactically~*~*~ (stealth).
 10783 | D:9      | 10783 ||| Stepping ~*~*~tactically~*~*~ (stealth).
 10784 | D:9      | 10784 ||| INVOKING Heroism.
 10790 | D:9      | Reached skill level 13 in Axes
 10790 | D:9      | Reached XP level 11. HP: 60/64 MP: 12/16
 10798 | D:9      | Reached ***** piety under Okawaru
 10799 | D:9      | Reached skill level 6 in Invocations
 10836 | D:9      | 10836 ||| INVOKING Heroism.
 10925 | D:9      | 10925 ||| Stepping ~*~*~tactically~*~*~ (stealth).
 10992 | D:9      | 10992 ||| Stepping ~*~*~tactically~*~*~ (stealth).
 11015 | D:9      | 11015 ||| Stepping ~*~*~tactically~*~*~ (hiding).
 11017 | D:9      | 11017 ||| Stepping ~*~*~tactically~*~*~ (hiding).
 11027 | D:9      | 11027 ||| Stepping ~*~*~tactically~*~*~ (stealth).
 11259 | D:9      | Found an ancient bone altar of Kikubaaqudgha.
 11381 | D:9      | 11381 ||| INVOKING Heroism.
 11461 | D:9      | 11461 ||| Stepping ~*~*~tactically~*~*~ (stealth).
 11715 | D:9      | 11715 ||| READING scroll labelled HITENEUNKU.
 11716 | D:9      | 11716 ||| READING 5 scrolls of identify.
 11716 | D:9      | 11716 ||| IDENTIFYING golden potion
 11717 | D:9      | 11717 ||| READING 4 scrolls of identify.
 11717 | D:9      | 11717 ||| IDENTIFYING sedimented blue potion
 11718 | D:9      | 11718 ||| DROPPING potion of lignification.
 11760 | D:10     | Entered Level 10 of the Dungeon
 11760 | D:10     | Noticed Erica
 11761 | D:10     | 11761 ||| INVOKING Heroism.
 11762 | D:10     | 11762 ||| INVOKING Finesse.
 11765 | D:10     | 11765 ||| DRINKING 6 potions of curing.
 11765 | D:10     | 11765 ||| (to cure confusion)
 11776 | D:10     | Killed Erica
 11776 | D:10     | Received a gift from Okawaru
 11782 | D:10     | 11782 ||| Stepping ~*~*~tactically~*~*~ (stealth).
 11791 | D:10     | Reached skill level 14 in Axes
 11909 | D:10     | Found an opulent altar of Gozag.
 11941 | D:10     | Found a sacrificial altar of Ru.
 11970 | D:10     | Noticed a two-headed ogre
 11971 | D:10     | 11971 ||| INVOKING Heroism.
 11977 | D:10     | Killed a two-headed ogre
 12102 | D:10     | 12102 ||| Stepping ~*~*~tactically~*~*~ (stealth).
 12107 | D:10     | 12107 ||| INVOKING Heroism.
 12123 | D:10     | Found a flagged portal.
 12138 | D:10     | 12138 ||| Stepping ~*~*~tactically~*~*~ (hiding).
 12234 | D:10     | 12234 ||| INVOKING Heroism.
 12684 | D:10     | 12684 ||| READING scroll labelled VANYTT FIAMEA.
 12751 | D:11     | Noticed Maurice
 12770 | D:11     | Killed Maurice
 12821 | D:11     | Noticed a two-headed ogre
 12822 | D:11     | 12822 ||| INVOKING Heroism.
 12828 | D:11     | Killed a two-headed ogre
 12904 | D:11     | 12904 ||| INVOKING Heroism.
 12945 | D:11     | 12945 ||| INVOKING Heroism.
 13170 | D:11     | You are sucked into a shaft and drop 3 floors!
 13171 | D:14     | 13171 ||| UPGRADING to +0 cloak.
 13176 | D:14     | 13176 ||| UPGRADING to +2 buckler.
 13181 | D:14     | 13181 ||| READING 5 scrolls of identify.
 13181 | D:14     | 13181 ||| IDENTIFYING bubbling purple potion
 13182 | D:14     | 13182 ||| DROPPING potion of berserk rage.
 13184 | D:14     | Noticed a cyclops
 13185 | D:14     | 13185 ||| INVOKING Heroism.
 13188 | D:14     | Noticed a deep elf pyromancer
 13189 | D:14     | 13189 ||| Stepping ~*~*~tactically~*~*~ (stealth).
 13190 | D:14     | 13190 ||| Stepping ~*~*~tactically~*~*~ (stealth).
 13191 | D:14     | Noticed a centaur warrior
 13192 | D:14     | 13192 ||| Stepping ~*~*~tactically~*~*~ (hiding).
 13198 | D:14     | Killed a cyclops
 13198 | D:14     | Identified the +0 pair of gloves "Gixki" {Will+} (Okawaru
                  | gifted it to you on level 14 of the Dungeon)
 13198 | D:14     | Received a gift from Okawaru
 13199 | D:14     | Reached skill level 1 in Shields
 13199 | D:14     | Reached XP level 12. HP: 53/72 MP: 19/19
 13213 | D:14     | Killed a centaur warrior
 13214 | D:14     | Reached skill level 9 in Invocations
 13214 | D:14     | Noticed a two-headed ogre
 13219 | D:14     | 13219 ||| INVOKING Heroism.
 13219 | D:14     | HP: 9/72 [two-headed ogre/+0 giant club (18)]
 13220 | D:14     | 13220 ||| READING 3 scrolls of teleportation.
 13221 | D:14     | Mangled by a two-headed ogre

Levels and vault maps discovered:
D:1:      matt_arrival_diagonals, layout_basic,
          hellmonk_ecumenical_altar_blasted, minmay_worlds_worst_comb
D:2:      layout_loops_ring, minmay_heptomino_l4
D:3:      layout_rooms, lemuel_doored_altar
D:4:      layout_cave_pods, okawaru_trees_2, nicolae_sif_muna_condensation,
          fedhas_altar_3, minmay_temple_entry_enclosed_plants,
          hellmonk_ghost_happy_afterlife
D:5:      layout_basic, corexii_leaking_fountain, uniq_pikel
D:6:      layout_cave_pools, mainiacjoe_overflow_concentric_impassable
D:7:      layout_loops_corners, nemelex_dance_club_becter,
          mainiacjoe_overflow_paths, gammafunk_ghost_nasty_kobolds,
          minmay_circle_x, uniq_duvessa
D:8:      wad_crossroads, layout_layer_cave, mainiacjoe_overflow_tiny_flanked,
          minmay_misc_feat_room, minmay_misc_feat_rugged,
          minmay_misc_feat_roman, kennysheep_nub, serial_park_tiny_pond,
          uniq_prince_ribbit1
D:9:      layout_irregular_city, lemuel_mausoleum_altar_kikubaaqudgha
D:10:     layout_basic, overflow_temple_1_default, mainiacjoe_overflow_catwalk,
          enter_bailey_3, uniq_erica
D:11:     layout_stronghold, david_lair_shrubbed, uniq_maurice
D:14:     layout_loops_ring, kennysheep_nondescript

Skill      XL: |  1  2  3  4  5  6  7  8  9 10 11 12 |
---------------+-------------------------------------+-----
Axes           | 3 4 5 6 7 8 9 12 13 14 | 14.0
Armour         | 2 3 4 5 6 7 |  7.0
Fighting       | 3 4 5 6 7 |  7.0
Invocations    | 1 4 5 8 9 |  9.0
Throwing       | 2 3 4 |  4.0
Dodging        | 3 |  3.2
Shields        | 1 2 |  2.7
Spellcasting   | |  2.0
Translocations | |  2.4

Action                   |  1- 3 |  4- 6 |  7- 9 | 10-12 || total
-------------------------+-------+-------+-------+-------++-------
Melee: Hand axe          |    70 |    38 |       |       ||   108
       Kick              |    17 |    24 |    51 |   129 ||   221
       Peck              |    10 |    16 |    30 |    73 ||   129
       War axe           |       |    61 |   186 |   373 ||   620
       Punch             |       |     1 |     3 |     5 ||     9
       Unarmed           |       |       |    29 |       ||    29
Throw: Boomerang         |     7 |    16 |    22 |    58 ||   103
       Javelin           |       |       |    45 |    23 ||    68
Invok: Heroism           |       |       |    12 |    22 ||    34
       Finesse           |       |       |       |     1 ||     1
  Use: Scroll            |     6 |     9 |     5 |    10 ||    30
       Potion            |       |     3 |       |     4 ||     7
Armor: Leather armour    |    12 |       |       |       ||    12
       Chain mail        |    14 |     2 |       |       ||    16
       Plate armour      |       |    53 |   125 |   202 ||   380
Dodge: Dodged            |    25 |    24 |    79 |   112 ||   240
Block: Buckler           |       |       |       |     6 ||     6

Table legend:
 A = Non-vault XP
 B = Vault XP
 C = Vault XP percentage of total XP
 D = Non-vault monster count
 E = Vault monster count
 F = Vault count percentage of total count
                 A         B        C        D         E       F
            +---------+---------+-------+---------+---------+-------
      Total |   15194 |    4895 |  24.4 |     209 |      44 |  17.4
            +---------+---------+-------+---------+---------+-------
        D:1 |      28 |      12 |  30.0 |      17 |       6 |  26.1
        D:2 |      68 |      16 |  19.0 |      13 |       4 |  23.5
        D:3 |     186 |       0 |   0.0 |      20 |       0 |   0.0
        D:4 |    1799 |       0 |   0.0 |      27 |       0 |   0.0
        D:5 |     541 |     617 |  53.3 |      18 |       1 |   5.3
        D:6 |     899 |       0 |   0.0 |      21 |       0 |   0.0
        D:7 |    1102 |     979 |  47.0 |      25 |      10 |  28.6
        D:8 |     778 |     818 |  51.3 |      18 |       5 |  21.7
        D:9 |    3631 |    1154 |  24.1 |      23 |      12 |  34.3
       D:10 |    2396 |     850 |  26.2 |      14 |       5 |  26.3
       D:11 |    1790 |     449 |  20.1 |      10 |       1 |   9.1
       D:14 |    1976 |       0 |   0.0 |       3 |       0 |   0.0
            +---------+---------+-------+---------+---------+-------
